 Dungeon Crawl Stone Soup version 0.29-a0-356-g7bc237e783 (webtiles) character file.

Game seed: 14324200632780728174

1643 spaghetti the Chucker (level 8, -1/93 HPs)
             Began as a Demonspawn Berserker on Apr 25, 2022.
             Was a Priest of Trog.
             Succumbed to an orc warrior's poison
             ... on level 6 of the Dungeon.
             The game lasted 00:09:41 (5869 turns).

spaghetti the Chucker (Demonspawn Berserker)        Turns: 5869, Time: 00:09:41

Health: -1/93      AC: 17    Str: 18    XL:     8   Next: 67%
Magic:  8/8        EV:  8    Int: 10    God:    Trog [***...]
Gold:   270        SH:  0    Dex: 13    Spells: 7/7 levels left

rFire   . . .      SeeInvis .     - Unarmed
rCold   . . .      Faith    .   (no shield)
rNeg    . . .      Spirit   .   p - +0 plate armour
rPois   .          Reflect  .   (no helmet)
rElec   .          Harm     .   (no cloak)
rCorr   .          Rampage  .   (no gloves)
Will    ++...                   o - +0 pair of boots
Stlth   ..........              (no amulet)
HPRegen 1.25/turn               s - +4 ring of protection
MPRegen 0.11/turn               (no ring)

@: mighty, berserking, lethally poisoned (-1 -> -29), strong-willed,
regenerating, very quick
A: claws 1, demonic guardian 2, powered by pain 1, sturdy frame 1
a: Renounce Religion, Berserk, Trog's Hand


You were on level 6 of the Dungeon.
You worshipped Trog.
Trog was most pleased with you.
You visited 1 branch of the dungeon, and saw 6 of its levels.

You collected 270 gold pieces.


Innate Abilities, Weirdness & Mutations

You have sharp fingernails.
A demonic guardian rushes to your aid.
You sometimes gain a little power by taking damage.
Your movements are slightly less encumbered by armour. (ER -2)


   Skills:
 + Level 5.2 Fighting
 * Level 5.7 Throwing
 + Level 4.3 Armour
 + Level 4.3 Dodging
 + Level 5.0 Unarmed Combat


You had 7 spell levels left.
You didn't know any spells.
Your spell library contained the following spells:

 Spells                   Type           Power      Damage    Failure   Level
 Confusing Touch          Hex            0%         N/A       100%        3
 Gell's Gravitas          Tloc           0%         N/A       100%        3
 Ignite Poison            Fire/Tmut/Pois 0%         N/A       100%        3
 Mephitic Cloud           Conj/Pois/Air  0%         N/A       100%        3
 Teleport Other           Tloc           0%         N/A       100%        3
 Blade Hands              Tmut           0%         N/A       100%        5
 Freezing Cloud           Conj/Ice/Air   0%         6-21      100%        5
 Irradiate                Conj/Tmut      0%         3d13      100%        5
 Yara's Violent Unravell  Hex/Tmut       0%         3d3       100%        5
 Dispersal                Tloc           0%         N/A       100%        6
 Dragon Form              Tmut           0%         N/A       100%        7
 Enfeeble                 Hex            0%         N/A       100%        7

Inventory:

Hand Weapons
 b - a +0 dagger {short}
   (You took it off a goblin on level 1 of the Dungeon)
 c - a +0 club {mace}
   (You took it off a goblin on level 1 of the Dungeon)
Missiles
 j - 94 stones (quivered) {throwing}
 u - 3 datura-tipped darts {throwing}
Armour
 a - a +0 animal skin
 o - a +0 pair of boots (worn)
   (You found it on level 2 of the Dungeon)
 p - a +0 plate armour (worn)
   (You found it on level 2 of the Dungeon)
Jewellery
 e - a +6 ring of intelligence
   (You found it on level 1 of the Dungeon)
 n - a ring of fire
   (You found it on level 2 of the Dungeon)
 s - a +4 ring of protection (left claw)
   (You found it on level 3 of the Dungeon)
 t - a ring of willpower
   (You found it on level 4 of the Dungeon)
Wands
 w - a wand of flame (22)
   (You took it off a goblin on level 4 of the Dungeon)
 x - a wand of iceblast (7)
   (You took it off Ijyb on level 4 of the Dungeon)
Scrolls
 f - 3 scrolls of fog {unknown}
 g - a scroll of enchant armour {unknown}
 h - 5 scrolls of teleportation {unknown}
 i - 7 scrolls of identify {unknown}
 l - 2 scrolls of amnesia {unknown}
 m - a scroll of vulnerability {unknown}
 v - a scroll of enchant weapon {unknown}
 y - 2 scrolls of fear {unknown}
 C - a scroll of magic mapping {unknown}
 D - a scroll of immolation {unknown}
Potions
 d - a potion of invisibility {unknown}
 k - a potion of berserk rage {unknown}
 q - a potion of might {unknown}
 r - 6 potions of curing {unknown}
 z - a potion of heal wounds {unknown}
 A - a potion of ambrosia {unknown}
 B - 2 potions of brilliance

Dungeon Overview and Level Annotations

Branches:
Dungeon (6/15)             Temple (0/1) D:5

Altars:
Ashenzari
Fedhas
Nemelex Xobeh
Okawaru
Yredelemnul

Shops:
D:2 *( D:5

( .# #........# .#
#........# .# ........#
.# .......# .# #.....#
.# #.....# . .###
#..?..####≈≈≈# ...#
#####.....@8.8.8# .#.#
#.......##4o....+ .#.#
#.......##.8.8.8#
.#.####.......######≈≈≈#
.#........#+### ≈≈.
.#........#.##### ≈≈
................# ≈
.#................
.##.......####....


You could see an orc warrior (ally target) and a friendly hellwing (summoned).


Message History

The ice beast freezes you! 😮 HP[-16]
You take 16 damage, and now have 39/62 hp.
MASSIVE DAMAGE!! (PAUSE)
You scratch the ice beast but do no damage.
The ice beast hits you but does no damage.
You claw the ice beast! The ice beast barely misses you.
You scratch the ice beast. The ice beast barely misses you.
You scratch the ice beast.
The ice beast hits you but does no damage.
You claw the ice beast!
You kill the ice beast!
Trog accepts your kill.
A phantom comes into view. 😮 HP[+1]
You scratch the phantom but do no damage.
You barely miss the phantom.
The phantom hits you but does no damage.
You barely miss the phantom. The phantom barely misses you. 😮 HP[+1]
You closely miss the phantom. The phantom completely misses you.
You miss the phantom. The phantom barely misses you.
You barely miss the phantom. The phantom barely misses you.
You scratch the phantom.
The phantom hits you but does no damage.
You claw the phantom! The phantom closely misses you.
You claw the phantom!
The phantom hits you but does no damage. 😮 HP[+1]
You claw the phantom!
You destroy the phantom!
Trog accepts your kill.
Your Unarmed Combat skill increases to level 5!
You hear the slow hiss of a distant avalanche of sand.
You hear the slow hiss of a distant avalanche of sand.
An orc warrior comes into view.
It is wielding a +1 short sword of venom. 😎 HP[+20]
Your hp is fully restored (62).
An orc warrior is nearby!
The orc warrior hits you with a +1 short sword of venom.
You are poisoned. 😕 HP[-1]
You take 1 damage, and now have 61/62 hp.
You scratch the orc warrior but do no damage.
You feel very sick. 😕 HP[-2]
You take 2 damage, and now have 59/62 hp.
You scratch the orc warrior.
You claw the orc warrior, but do no damage.
You feel sick.
The orc warrior barely misses you. 😕 HP[-1]
You take 1 damage, and now have 58/62 hp.
You scratch the orc warrior.
You feel sick.
The orc warrior hits you with a +1 short sword of venom.
A demonic guardian appears!
You are more poisoned. 😕 HP[-3]
You take 3 damage, and now have 55/62 hp.
You barely miss the orc warrior.
You feel very sick.
The orc warrior hits you with a +1 short sword of venom!
You are more poisoned. 😮 HP[-10]
You take 10 damage, and now have 45/62 hp.
Unknown command.
You completely miss the orc warrior.
You feel very sick.
The orc warrior hits you with a +1 short sword of venom!
* * * LOW HITPOINT WARNING * * *
You are lethally poisoned! 😨 HP[-18]
You take 18 damage, and now have 27/62 hp.
MASSIVE DAMAGE!! (PAUSE)
Your skin crawls.
You feel strong-willed.
* * * LOW HITPOINT WARNING * * *
You focus on the pain.
You feel very mighty all of a sudden.
You feel extremely sick.
Your hellwing barely misses the orc warrior.
Your hellwing hits the orc warrior but does no damage.
The orc warrior hits you with a +1 short sword of venom.
* * * LOW HITPOINT WARNING * * *
You are more poisoned. 😱 HP[-14]
You take 14 damage, and now have 13/62 hp.
MASSIVE DAMAGE!! (PAUSE)
A red film seems to cover your vision as you go berserk!
You feel yourself moving faster!
You feel mighty!
You hear the slow hiss of an avalanche of sand nearby.
* * * LOW HITPOINT WARNING * * *
You feel extremely sick.
Your hellwing barely misses the orc warrior.
Your hellwing hits the orc warrior!
The orc warrior hits you with a +1 short sword of venom.
* * * LOW HITPOINT WARNING * * *
😱 HP[-9]
You now have 93 max hp (+31).
You scratch the orc warrior.
You die...

Skill      XL: |  1  2  3  4  5  6  7  8 |
---------------+-------------------------+-----
Throwing       | 1 2 3 4 5 |  5.7
Unarmed Combat | 3 4 5 |  5.0
Armour         | 2 3 4 |  4.3
Dodging        | 2 3 4 |  4.3
Fighting       | 4 5 |  5.2

Action                   |  1- 3 |  4- 6 |  7- 9 || total
-------------------------+-------+-------+-------++-------
Melee: Unarmed           |    60 |   200 |   159 ||   419
       Punch             |     2 |     4 |     9 ||    15
Throw: Stone             |       |    54 |    55 ||   109
Invok: Berserk           |     1 |     3 |     4 ||     8
       Trog's Hand       |       |       |     1 ||     1
 Stab: Sleeping          |     2 |       |       ||     2
Armor: Animal skin       |    19 |    12 |       ||    31
       Plate armour      |       |   119 |   110 ||   229
Dodge: Dodged            |    46 |    77 |    74 ||   197

Levels and vault maps discovered:
D:1:      dpeg_arrival_subterranean_lakeside_camping, layout_basic,
          minmay_hexomino_p4
D:2:      layout_loops_ring, serial_shops, nicolae_shop_bloodbath_and_beyond,
          nicolae_square_shop, ebering_ecumenical_altar_mist,
          roderic_serpentine_path, uniq_sigmund
D:3:      layout_rooms
D:4:      layout_loops_ring, nemelex_dance_club_becter,
          yredelemnul_altar_generic, lemuel_coloured_pillars_altar,
          evilmike_ruin_ashenzari, uniq_ijyb
D:5:      layout_basic, mainiacjoe_overflow_alcove_1,
          minmay_temple_entry_overgrown, nicolae_shop_firing_range,
          uniq_eustachio
D:6:      layout_basic, kennysheep_orc_sif_temple, serial_shops,
          nicolae_take_the_stairs, enter_ossuary_5

Notes
Turn   | Place    | Note
-------+----------+-------------------------------------------
     0 | D:1      | spaghetti the Demonspawn Berserker began the quest for the
                  | Orb.
     0 | D:1      | Reached XP level 1. HP: 18/18 MP: 1/1
     0 | D:1      | magus.rc [v1.9.6]
   252 | D:1      | Reached skill level 1 in Throwing
   430 | D:1      | Gained mutation: You have sharp fingernails. [demonic
                  | ancestry]
   430 | D:1      | Reached XP level 2. HP: 23/24 MP: 2/2
   458 | D:1      | Reached skill level 3 in Unarmed Combat
  1462 | D:2      | Found Tijei's General Store.
  1462 | D:2      | Noticed Sigmund
  1472 | D:2      | Killed Sigmund
  1473 | D:2      | Reached skill level 2 in Throwing
  1473 | D:2      | Reached skill level 2 in Armour
  1473 | D:2      | Reached skill level 2 in Dodging
  1473 | D:2      | Gained mutation: A weak demonic guardian rushes to your
                  | aid. [demonic ancestry]
  1473 | D:2      | Reached XP level 3. HP: 25/29 MP: 3/3
  1473 | D:2      | Gained mutation: A demonic guardian rushes to your aid.
                  | [demonic ancestry]
  1473 | D:2      | Reached XP level 4. HP: 30/35 MP: 4/4
  1473 | D:2      | Reached XP level 5. HP: 35/41 MP: 5/5
  1693 | D:2      | Found Duwk's Weapon Emporium.
  1797 | D:2      | Reached ** piety under Trog
  2292 | D:2      | Found a faded altar of an unknown god.
  2705 | D:3      | Reached skill level 3 in Throwing
  2903 | D:3      | Gained mutation: Your movements are slightly less
                  | encumbered by armour. (ER -2) [demonic ancestry]
  2903 | D:3      | Reached XP level 6. HP: 42/48 MP: 6/6
  3387 | D:4      | You add the spells Ignite Poison, Mephitic Cloud and
                  | Freezing Cloud to your library.
  3387 | D:4      | You add the spells Gell's Gravitas, Teleport Other and
                  | Dispersal to your library.
  3433 | D:4      | Found a broken altar of Ashenzari.
  3445 | D:4      | Reached skill level 3 in Dodging
  3447 | D:4      | Reached skill level 3 in Armour
  3543 | D:4      | You pick up a book of Transfigurations {forbidden@e2} and
                  | begin reading...
  3543 | D:4      | You add the spells Irradiate, Blade Hands and Dragon Form
                  | to your library.
  3641 | D:4      | Noticed Ijyb
  3660 | D:4      | Killed Ijyb
  3828 | D:4      | Reached skill level 4 in Fighting
  3841 | D:4      | Found an iron altar of Okawaru.
  3913 | D:4      | Reached *** piety under Trog
  3916 | D:4      | Reached skill level 4 in Unarmed Combat
  3916 | D:4      | Gained mutation: You sometimes gain a little power by
                  | taking damage. [demonic ancestry]
  3916 | D:4      | Reached XP level 7. HP: 35/54 MP: 7/7
  4022 | D:4      | Found a basalt altar of Yredelemnul.
  4153 | D:4      | Found a sparkling altar of Nemelex Xobeh.
  4406 | D:5      | Entered Level 5 of the Dungeon
  4421 | D:5      | Noticed Eustachio
  4424 | D:5      | Reached skill level 4 in Throwing
  4713 | D:5      | Reached XP level 8. HP: 46/61 MP: 8/8
  4839 | D:5      | Killed Eustachio
  4840 | D:5      | Reached skill level 5 in Throwing
  4995 | D:5      | Reached skill level 4 in Armour
  4995 | D:5      | Reached skill level 4 in Dodging
  5014 | D:5      | Found Longaergh's Firing Range.
  5025 | D:5      | Found a blossoming altar of Fedhas.
  5188 | D:5      | Reached skill level 5 in Fighting
  5298 | D:5      | You pick up a book of Misfortune {forbidden} and begin
                  | reading...
  5298 | D:5      | You add the spells Confusing Touch, Yara's Violent
                  | Unravelling and Enfeeble to your library.
  5351 | D:5      | Found a staircase to the Ecumenical Temple.
  5754 | D:6      | Reached skill level 5 in Unarmed Combat
  5867 | D:6      | HP: 13/62 [orc warrior/+1 short sword of venom (6)]
  5868 | D:6      | HP: 4/93 [orc warrior/+1 short sword of venom (5)]
  5869 | D:6      | Succumbed to an orc warrior's poison

Vanquished Creatures
  Sigmund (D:2)
  Eustachio (D:5)
  An ice beast (D:6)
  2 ogres (D:5)
  A phantom (D:6)
  2 necrophages (D:5)
  A scorpion (D:5)
  5 wights (D:5)
  2 howler monkeys (D:5)
  A hound (D:4)
  4 orc priests
  3 orc wizards
  Ijyb (D:4)
  3 gnolls (D:3)
  6 adders
  An ufetubus (D:3)
  A worm (D:5)
  23 orcs
  8 endoplasms
  3 giant cockroaches
  7 goblins
  7 hobgoblins
  4 jackals
  4 kobolds
  3 quokkas (D:3)
  6 ball pythons
  7 bats
  2 frilled lizards
  4 rats
114 creatures vanquished.

Vanquished Creatures (collateral kills)
  2 iguanas
  A ball python (D:4)
3 creatures vanquished.

Vanquished Creatures (others)
  5 plants (D:5)
5 creatures vanquished.

Grand Total: 122 creatures vanquished

Table legend:
 A = Non-vault XP
 B = Vault XP
 C = Vault XP percentage of total XP
 D = Non-vault monster count
 E = Vault monster count
 F = Vault count percentage of total count
                 A         B        C        D         E       F
            +---------+---------+-------+---------+---------+-------
      Total |    1871 |     477 |  20.3 |     103 |      14 |  12.0
            +---------+---------+-------+---------+---------+-------
        D:1 |       8 |      14 |  63.6 |       6 |       9 |  60.0
        D:2 |      79 |     223 |  73.8 |      25 |       1 |   3.8
        D:3 |     198 |       0 |   0.0 |      20 |       0 |   0.0
        D:4 |     190 |      38 |  16.7 |      20 |       3 |  13.0
        D:5 |    1129 |     202 |  15.2 |      28 |       1 |   3.4
        D:6 |     267 |       0 |   0.0 |       4 |       0 |   0.0
            +---------+---------+-------+---------+---------+-------

Illustrated notes

Table legend:
 A = Kills in this place as a percentage of kills in entire the game.
 B = Kills by you in this place as a percentage of kills by you in the entire game.
 C = Kills by friends in this place as a percentage of kills by friends in the entire game.
 D = Other kills in this place as a percentage of other kills in the entire game.
 E = Experience gained in this place as a percentage of experience gained in the entire game.
 F = Experience gained in this place divided by the number of levels of this place that you have seen.
                   A       B       C       D       E      F
               +-------+-------+-------+-------+-------+----------------------
         Total | 100.0 | 100.0 | 100.0 |   N/A | 100.0 | 391.3
       Dungeon | 100.0 | 100.0 | 100.0 |   N/A | 100.0 | 391.3
               +-------+-------+-------+-------+-------+----------------------

Table legend: (Time is in decaauts)
 A = Elapsed time spent in this place.
 B = Non-inter-level travel time spent in this place.
 C = Inter-level travel time spent in this place.
 D = Time resting spent in this place.
 E = Time spent auto-exploring this place.
 F = Levels seen in this place.
 G = Mean time per level.
                   A        B        C        D        E       F      G
               +--------+--------+--------+--------+--------+-----+--------+
         Total |   5890 |   5733 |    157 |    852 |   4037 |   6 |  981.7 |
       Dungeon |   5890 |   5733 |    157 |    852 |   4037 |   6 |  981.7 |
               +--------+--------+--------+--------+--------+-----+--------+

Top non-repeatable levels by time:
     D:2: 1506 daAuts
     D:5: 1206 daAuts
     D:1: 1163 daAuts
     D:4: 1077 daAuts
     D:3: 733 daAuts
     D:6: 202 daAuts
